[Event "Titled Tuesday Blitz January 17 Late 2023"]
[White "Mione, Dario"]
[Black "Chor, Kevin"]
[WhiteFideId "806625"]
[BlackFideId "2090740"]
[WhiteElo "2228"]
[BlackElo "1944"]
[Result "0-1"]
[Round "01"]
[TimeControl "180+2"]
[Date "2023.01.17"]
[WhiteClock "0:00:24"]
[BlackClock "0:00:34"]

1. e4 c5 2. d4 cxd4 3. c3 g6 4. cxd4 d5 5. e5 Bg7 6. Nc3 Nc6 7. Be3 Nh6 8. Bd3 Ng4 9. Nf3 Nxe3 10. fxe3 O-O 11. Qb3 e6 12. O-O-O Qb6 13. Qxb6 axb6 14. Kb1 f6 15. exf6 Bxf6 16. b3 Bd7 17. Na4 Bd8 18. Bb5 Ra5 19. Nc3 Be7 20. a4 Bd6 21. e4 Bb4 22. Na2 dxe4 23. Ng5 e3 24. Nxb4 Nxb4 25. Bxd7 Rxg5 26. Bxe6+ Kg7 27. g3 Re8 28. d5 e2 29. Rd4 Nxd5 30. Rxd5 Rxd5 31. Bxd5 e1=R+ 32. Rxe1 Rxe1+ 33. Kc2 Re2+ 34. Kc3 Rxh2 35. Bxb7 Rh3 36. Kb4 Rxg3 37. Bd5 Rg5 38. Kc4 h5 39. b4 h4 40. a5 bxa5 41. bxa5 Rxd5 42. Kxd5 h3 43. a6 h2 0-1


[Site "https://www.chess.com"]

[Event "Titled Tuesday Blitz January 17 Late 2023"]
[White "Melikyan, Gnel"]
[Black "Slavin, Alexey"]
[WhiteFideId "54109990"]
[BlackFideId "24104388"]
[WhiteElo "2238"]
[BlackElo "2364"]
[Result "1-0"]
[Round "01"]
[TimeControl "180+2"]
[Date "2023.01.17"]
[WhiteClock "0:00:24"]
[BlackClock "0:00:08"]

1. e4 Nc6 2. Nf3 d6 3. Bc4 Nf6 4. Nc3 Bg4 5. O-O e5 6. h3 Bh5 7. Be2 Be7 8. d3 h6 9. Be3 O-O 10. Nd2 Bg6 11. f4 exf4 12. Bxf4 Nd4 13. Be3 Nxe2+ 14. Nxe2 d5 15. e5 Nh7 16. Nf4 Bf5 17. Qh5 Bg5 18. Qf3 c6 19. Nb3 Bd7 20. Bc5 Re8 21. Bd6 b6 22. Rae1 Bc8 23. Nd4 Bb7 24. Nxd5 Qd7 25. Nc7 Rad8 26. Nxe8 Rxe8 27. Qf5 Qxf5 28. Nxf5 c5 29. h4 Bd8 30. h5 Ng5 31. Ne3 Bc6 32. Ng4 Kh7 33. Kh2 Be7 34. Bxe7 Rxe7 35. Kg3 a6 36. Re3 b5 37. Nf2 Bd5 38. b3 Be6 39. Ne4 Nxe4+ 40. Rxe4 Rd7 41. a4 Rc7 42. axb5 axb5 43. Ra1 c4 44. bxc4 bxc4 45. d4 Bd5 46. Re2 c3 47. Ra3 g6 48. hxg6+ fxg6 49. Re3 Kg7 50. Raxc3 Rf7 51. Rc5 Bb7 52. d5 Rd7 53. e6 Re7 54. d6 Re8 55. Rc7+ 1-0


[Site "https://www.chess.com"]

[Event "Titled Tuesday Blitz January 17 Late 2023"]
[White "Liu, Kelsey"]
[Black "Czernek, Tymon"]
[WhiteFideId "30944481"]
[BlackFideId "1199510"]
[WhiteElo "2065"]
[BlackElo "2314"]
[Result "0-1"]
[Round "01"]
[TimeControl "180+2"]
[Date "2023.01.17"]
[WhiteClock "0:00:03"]
[BlackClock "0:00:25"]

1. e4 c5 2. Nf3 d6 3. Nc3 Nf6 4. e5 dxe5 5. Nxe5 a6 6. a4 e6 7. Nc4 Nc6 8. a5 Be7 9. d3 O-O 10. Bf4 Nd5 11. Bg3 Bf6 12. Qd2 Nxc3 13. bxc3 e5 14. Be2 Be6 15. Nb6 Rb8 16. f4 Nxa5 17. Rb1 e4 18. f5 e3 19. Qxe3 Bxc3+ 20. Kf1 Ba2 21. Rd1 Qxb6 22. Bxb8 Rxb8 23. Bf3 Bd4 24. Qe4 Rd8 25. g3 Qb2 26. Qe2 Nc6 27. Kg2 Ne5 28. Rhe1 h6 29. Bh5 Bd5+ 30. Kh3 Qb6 31. Rb1 Qf6 32. Rf1 b5 33. g4 b4 34. Rf4 a5 35. Re1 a4 36. Rxd4 cxd4 37. Qxe5 Qxe5 38. Rxe5 a3 39. Re1 Rc8 40. g5 hxg5 41. Rb1 a2 42. Ra1 Rxc2 43. Bd1 Rb2 44. Ba4 Rb1 0-1


[Site "https://www.chess.com"]

[Event "Titled Tuesday Blitz January 17 Late 2023"]
[White "Fiorito, Joaquin"]
[Black "Guo, Josh"]
[WhiteFideId "180173"]
[BlackFideId "2682427"]
[WhiteElo "2405"]
[BlackElo "2112"]
[Result "1-0"]
[Round "01"]
[TimeControl "180+2"]
[Date "2023.01.17"]
[WhiteClock "0:01:07"]
[BlackClock "0:00:11"]

1. d4 Nf6 2. Nc3 d5 3. Bf4 c6 4. e3 g6 5. Be2 Bg7 6. h3 Qb6 7. Rb1 Nbd7 8. Nf3 Qd8 9. O-O O-O 10. Ne5 Nxe5 11. Bxe5 Bf5 12. b4 a6 13. Bd3 b5 14. Bxf5 gxf5 15. f3 a5 16. a3 axb4 17. axb4 Ra3 18. Qd2 Qd7 19. Rfd1 Rfa8 20. Bxf6 Bxf6 21. e4 Kh8 22. e5 Bg7 23. Ne2 e6 24. Nc1 Qe7 25. Nd3 R8a7 26. Rb3 Ra2 27. Rc3 R2a6 28. Nc5 Ra2 29. Nb3 R2a6 30. Na5 Qxb4 31. Nxc6 Rxc6 32. Rxc6 Qxd2 33. Rxd2 Bh6 34. Rd3 Ra2 35. Rb3 Be3+ 36. Rxe3 1-0


[Site "https://www.chess.com"]

[Event "Titled Tuesday Blitz January 17 Late 2023"]
[White "Pace, Christopher"]
[Black "Omelja, Artem"]
[WhiteFideId "2610167"]
[BlackFideId "14119846"]
[WhiteElo "2053"]
[BlackElo "2446"]
[Result "1-0"]
[Round "01"]
[TimeControl "180+2"]
[Date "2023.01.17"]
[WhiteClock "0:00:11"]
[BlackClock "0:00:05"]

1. d4 Nf6 2. c4 g6 3. Nc3 Bg7 4. e4 d6 5. Nf3 O-O 6. Be2 Nc6 7. d5 Nb8 8. O-O e5 9. Rb1 a5 10. a3 Nh5 11. g3 f5 12. Ng5 Nf6 13. exf5 Bxf5 14. Bd3 Bg4 15. f3 Bd7 16. Be3 Qe7 17. Qd2 Na6 18. b4 axb4 19. axb4 h6 20. Nge4 Nxe4 21. Bxe4 g5 22. Qd3 Bh3 23. Rf2 Kh8 24. g4 Rf4 25. Bxf4 exf4 26. Ra2 Re8 27. Re2 Qf6 28. Nd1 Nb8 29. Nf2 Qd4 30. Rd1 c5 31. Qxd4 Bxd4 32. Rxd4 cxd4 33. Nxh3 Nd7 34. Nf2 Ne5 35. c5 Rc8 36. cxd6 Rd8 37. Bf5 Nxf3+ 38. Kh1 Rxd6 39. Re8+ Kg7 40. Re7+ Kf8 41. Rxb7 Rxd5 42. Be4 Re5 43. Bxf3 d3 44. Kg2 d2 45. Rd7 Rb5 46. Rxd2 Rxb4 47. Rd6 Kg7 48. h4 gxh4 49. Rd5 Kg6 50. Rh5 Rb5 51. Rxb5 1-0


[Site "https://www.chess.com"]

[Event "Titled Tuesday Blitz January 17 Late 2023"]
[White "Soham Kamotra"]
[Black "Balague Camps, Marc"]
[WhiteFideId "46647490"]
[BlackFideId "2297914"]
[WhiteElo "2319"]
[BlackElo "2190"]
[Result "0-1"]
[Round "01"]
[TimeControl "180+2"]
[Date "2023.01.17"]
[WhiteClock "0:00:36"]
[BlackClock "0:01:45"]

1. b3 Nf6 2. Bb2 e6 3. Nf3 d5 4. g3 c5 5. Bg2 Nc6 6. O-O d4 7. e3 Be7 8. Re1 O-O 9. exd4 cxd4 10. c4 a5 11. d3 Bb4 12. Nbd2 Re8 13. a3 Bf8 14. Ne5 Nxe5 15. Rxe5 Bd6 16. Re1 e5 17. Rc1 Bf5 18. c5 Bf8 19. Nc4 Rc8 20. b4 axb4 21. axb4 b5 22. Nd6 Bxd6 23. cxd6 Rxc1 24. Qxc1 Qxd6 25. Qd2 h6 26. h3 Be6 27. Kh2 Bd5 28. f3 h5 29. h4 Bc6 30. Rc1 Nd5 31. Rc5 Ne3 32. Bh1 Bd5 33. Qc1 Kh7 34. Ba3 Re6 35. Rc8 Rg6 36. Qe1 Qe6 37. Rc5 f5 38. Rxb5 f4 39. gxf4 exf4 40. Rc5 Rg3 41. Bg2 Rxg2+ 0-1


[Site "https://www.chess.com"]

[Event "Titled Tuesday Blitz January 17 Late 2023"]
[White "Dylag, Emilia"]
[Black "Mosquera, Miguel"]
[WhiteFideId "21805172"]
[BlackFideId "4401131"]
[WhiteElo "2095"]
[BlackElo "2371"]
[Result "1/2-1/2"]
[Round "01"]
[TimeControl "180+2"]
[Date "2023.01.17"]
[WhiteClock "0:00:12"]
[BlackClock "0:00:11"]

1. d4 d5 2. c4 Nf6 3. Nf3 e6 4. g3 Bb4+ 5. Nbd2 dxc4 6. Bg2 b5 7. O-O O-O 8. a3 Be7 9. b3 cxb3 10. Qxb3 c6 11. Bb2 Bb7 12. e4 a5 13. a4 Nbd7 14. Rac1 c5 15. axb5 Nxe4 16. Rfe1 Nxd2 17. Nxd2 Bxg2 18. Kxg2 a4 19. Qe3 Bg5 20. f4 Bf6 21. Ne4 cxd4 22. Bxd4 Bxd4 23. Qxd4 Nb6 24. Qe3 a3 25. Red1 Nd5 26. Qd3 Qb6 27. Re1 a2 28. Ng5 g6 29. Ne4 Rfd8 30. Qb3 Ra5 31. Rc2 Rxb5 32. Qxa2 Ne3+ 33. Rxe3 Qxe3 34. Nf6+ Kg7 35. Qa1 Qd4 36. Qxd4 Rxd4 37. Ng4 Rbd5 38. Kh3 Rh5+ 39. Kg2 Rhd5 40. Kh3 Rd7 41. Ne5 R7d5 42. Rc7 Rxe5 43. fxe5 Rd5 44. Rc4 Rxe5 45. Rf4 Rf5 46. Re4 Kf6 47. Re2 Re5 48. Rf2+ Kg7 49. Rd2 f5 50. Rf2 Rd5 51. Rc2 h5 52. Kg2 Kf6 53. h4 Rd6 54. Re2 e5 55. Rc2 e4 56. Rb2 Ke5 57. Kf2 Kd4 58. Rb4+ Ke5 59. Rb5+ Rd5 60. Rb6 Rd6 61. Rb5+ Kf6 62. Rb4 Rc6 63. Ra4 Rc2+ 64. Ke3 Rc3+ 65. Kf2 Rf3+ 66. Kg2 Rd3 67. Ra6+ Kg7 68. Ra7+ Kh6 69. Ra6 Rb3 70. Ra4 Rb2+ 71. Kh3 e3 72. Ra1 Kg7 73. Re1 Kf6 74. Rxe3 Rb4 75. Re2 Rd4 76. Re1 Rd2 77. Re3 Rc2 78. Re1 Rc4 79. Re3 f4 80. gxf4 Rxf4 81. Rg3 Kf5 82. Rg5+ Kf6 83. Rg3 Re4 84. Rg2 Re3+ 85. Kh2 Re4 86. Kh3 Re1 87. Kh2 Rb1 88. Rf2+ Kg7 89. Kh3 Kh6 90. Rf6 Rb3+ 91. Kh2 Rb4 92. Kh3 Rg4 93. Rd6 Kg7 94. Rd7+ Kh6 95. Rd6 Rf4 96. Rd3 Kg7 97. Rg3 Kf6 98. Rc3 Re4 99. Rf3+ Ke5 100. Rg3 Kf5 101. Rf3+ Rf4 102. Rg3 Rg4 103. Ra3 Ke5 104. Ra5+ Kf4 105. Ra4+ Kf3 106. Ra3+ Ke2 107. Ra2+ Kd3 108. Ra3+ Kc2 109. Ra6 Rg1 110. Ra2+ Kb3 111. Ra7 Rh1+ 112. Kg3 Kc4 113. Ra6 Kb5 114. Re6 Rg1+ 115. Kh3 Rg4 116. Re5+ Kc6 117. Re3 Kd6 118. Rd3+ Ke5 119. Re3+ Kf4 120. Ra3 g5 121. Ra4+ Kf5 122. Ra5+ Kf4 123. Rxg5 Rxg5 124. hxg5 Kxg5 125. Kh2 Kh4 126. Kh1 Kg3 127. Kg1 Kh3 128. Kh1 Kh4 129. Kg1 Kg4 130. Kh1 h4 1/2-1/2


[Site "https://www.chess.com"]

[Event "Titled Tuesday Blitz January 17 Late 2023"]
[White "Yurovskykh, Oleksandr"]
[Black "Vaglio Munoz, Jaime"]
[WhiteFideId "14134020"]
[BlackFideId "6500145"]
[WhiteElo "2328"]
[BlackElo "2174"]
[Result "1/2-1/2"]
[Round "01"]
[TimeControl "180+2"]
[Date "2023.01.17"]
[WhiteClock "0:00:20"]
[BlackClock "0:00:15"]

1. d4 c6 2. Bf4 Qb6 3. b3 g6 4. e3 Bg7 5. Nf3 a5 6. a3 d6 7. Be2 Bg4 8. Nbd2 Nd7 9. h3 Bxf3 10. Nxf3 Ngf6 11. O-O O-O 12. Bh2 Rfe8 13. c4 Rad8 14. Qc2 e5 15. Rab1 exd4 16. exd4 d5 17. c5 Qa7 18. b4 Ne4 19. Bd3 f5 20. b5 Ndf6 21. Be5 Nh5 22. Rfe1 Bxe5 23. Nxe5 Rc8 24. bxc6 bxc6 25. Rb6 Qa8 26. Reb1 Nf4 27. Bf1 Ne6 28. Ra6 Nxd4 29. Qc1 Rxe5 30. Rxa8 Rxa8 31. Rb7 Ne6 32. Rb6 Rc8 33. Ba6 Rc7 34. Qh6 Nf8 35. Rb8 Rf7 36. Bb7 Re6 37. Bc8 Re8 38. Ra8 Nxc5 39. Bb7 Re1+ 40. Kh2 Nxb7 41. Qd2 Re4 42. f3 Ree7 43. Qb2 Nd6 44. Rb8 Rc7 45. Ra8 Nc4 46. Qc3 Rfe7 47. a4 Red7 48. Rb8 Kf7 49. Qh8 Re7 50. Rxf8+ Ke6 51. Qf6+ Kd7 52. Ra8 Nd6 53. Qf8 d4 54. Rd8+ Ke6 55. Qg8+ Kf6 56. Qh8+ Ke6 57. Qg8+ Nf7 58. Rxd4 Ke5 59. Rd1 c5 60. Qa8 Kf6 61. Qxa5 c4 62. Qc3+ Ke6 63. a5 Ne5 64. Re1 Kd6 65. f4 Nc6 66. Rxe7 Rxe7 67. Qxc4 Ra7 68. a6 Kc7 69. Qg8 Kb6 70. Qc4 Rxa6 71. Qb3+ Kc7 72. Qf7+ Kb6 73. Qxh7 Kc5 74. Qxg6 Ra2 75. Qxf5+ Kc4 76. Qe4+ Nd4 77. h4 Re2 78. Qa8 Kd3 79. h5 Rf2 80. Kg3 Rf1 81. Qa6+ Ke3 82. Qxf1 Nf5+ 83. Kh2 Ke4 84. Qe2+ Kxf4 85. Qf3+ Kg5 86. Qxf5+ Kxf5 87. Kh3 Kg5 88. g4 Kf4 89. Kh4 Ke5 90. h6 Kf6 91. Kh5 Kf7 92. g5 Kg8 93. g6 Kh8 94. Kg5 Kg8 95. Kf5 Kf8 96. Kf6 Kg8 97. h7+ Kf8 98. g7+ Ke8 99. h8=B Kd7 100. g8=N Kc6 101. Ne7+ Kc5 102. Bg7 Kd4 103. Ke6+ Ke4 104. Nf5 Kf4 105. Kf6 Ke4 106. Kg5 Kd5 107. Kf4 Ke6 108. Ne3 Kd6 109. Bd4 Ke6 110. Ke4 Kd6 111. Ng2 Ke6 112. Nf4+ Kd6 113. Kf5 Kc6 114. Ke6 Kb5 115. Kd5 Ka6 116. Kc6 Ka5 117. Nd3 Ka4 118. Nc1 Kb4 119. Kd5 Ka4 120. Kc4 Ka5 121. Nd3 Ka6 122. Nb4+ Kb7 123. Kc5 Kc7 124. Kd5 Kd7 125. Nc6 Kc7 126. Ne5 Kb7 127. Kc5 Kc7 128. Bc3 Kb7 129. Ba5 Ka6 130. Bb6 Kb7 131. Kb5 Kc8 132. Kc6 Kb8 133. Nc4 Kc8 134. Nd6+ Kb8 135. Nb5 Ka8 136. Nc7+ Kb8 137. Bc5 Kc8 138. Ba7 Kd8 139. Nd5 Ke8 140. Kd6 Kf7 141. Ne7 Kf6 142. Be3 Kf7 143. Bd4 Ke8 144. Ke6 Kd8 145. Bb6+ Ke8 146. Bc7 Kf8 147. Nf5 Ke8 148. Ng7+ Kf8 149. Kf6 Kg8 150. Kg6 1/2-1/2


[Site "https://www.chess.com"]

[Event "Titled Tuesday Blitz January 17 Late 2023"]
[White "Jorajuria Mendoza, Algol"]
[Black "Ismagilov, Damir"]
[WhiteFideId "5128897"]
[BlackFideId "34199982"]
[WhiteElo "2069"]
[BlackElo "2156"]
[Result "0-1"]
[Round "01"]
[TimeControl "180+2"]
[Date "2023.01.17"]
[WhiteClock "0:00:11"]
[BlackClock "0:00:28"]

1. e4 d6 2. Nf3 e5 3. d4 exd4 4. Nxd4 Nf6 5. Nc3 Nc6 6. g3 g6 7. Bg2 Bg7 8. O-O Bd7 9. Re1 Nxd4 10. Qxd4 O-O 11. Qd3 Bc6 12. Rb1 Re8 13. Bg5 h6 14. Bxf6 Bxf6 15. b4 Bg7 16. b5 Bd7 17. a4 Qg5 18. Nd5 Rac8 19. a5 c6 20. bxc6 Bxc6 21. a6 b6 22. c4 Qe5 23. Rbd1 Qb2 24. h3 Ba4 25. Rd2 Qb3 26. Qxb3 Bxb3 27. Nb4 Bc3 28. Rd3 Bxe1 29. Rxb3 Bxb4 30. Rxb4 Re5 31. f3 Ra5 32. Bf1 Rcc5 33. Rb3 Rxa6 34. Rd3 Ra1 35. Rxd6 Rxc4 36. Kf2 Rc2+ 37. Be2 Raa2 38. Rd8+ Kg7 39. Ke3 Rxe2+ 40. Kf4 Ra3 41. Rd7 Ree3 42. Ke5 Rxf3 0-1


[Site "https://www.chess.com"]

[Event "Titled Tuesday Blitz January 17 Late 2023"]
[White "Khripachenko, Alexander"]
[Black "Coelho, Ramyres Santana"]
[WhiteFideId "54184975"]
[BlackFideId "2120690"]
[WhiteElo "2110"]
[BlackElo "1981"]
[Result "1-0"]
[Round "01"]
[TimeControl "180+2"]
[Date "2023.01.17"]
[WhiteClock "0:01:58"]
[BlackClock "0:00:09"]

1. e3 c5 2. d4 e6 3. Bd3 Nf6 4. Nf3 Be7 5. O-O O-O 6. Qe2 d5 7. c3 c4 8. Bc2 Nc6 9. Nbd2 b5 10. e4 dxe4 11. Nxe4 Bb7 12. Bf4 Nxe4 13. Qxe4 g6 14. Qe3 Bf6 15. Rad1 Ne7 16. Ne5 Nd5 17. Qg3 Nxf4 18. Qxf4 Bxe5 19. dxe5 Qc7 20. h4 Qc6 21. f3 Rad8 22. h5 Qc5+ 23. Kh2 Qe7 24. Rd6 f6 25. Rxd8 Qxd8 26. hxg6 fxe5 27. gxh7+ Kh8 28. Qxe5+ Qf6 29. Qxf6+ Rxf6 30. Re1 Bc6 31. Re5 Be8 32. Kg3 a6 33. Kf2 Bg6 34. Bxg6 Rxg6 35. Rc5 Kxh7 36. Rc6 e5 37. Rxg6 Kxg6 38. Ke3 Kf5 39. g4+ Kg5 40. Ke4 Kf6 41. g5+ Kxg5 42. Kxe5 a5 43. f4+ Kg4 44. f5 b4 45. f6 a4 46. f7 a3 47. bxa3 b3 48. axb3 cxb3 49. f8=Q b2 50. Qf4+ Kh5 51. Qf5+ Kh6 52. Kf6 b1=Q 53. Qh3# 1-0


[Site "https://www.chess.com"]

[Event "Titled Tuesday Blitz January 17 Late 2023"]
[White "Slovineanu, Viacheslav"]
[Black "Crevatin, Leo"]
[WhiteFideId "13900510"]
[BlackFideId "1726307"]
[WhiteElo "2412"]
[BlackElo "2292"]
[Result "0-1"]
[Round "01"]
[TimeControl "180+2"]
[Date "2023.01.17"]
[WhiteClock "0:00:06"]
[BlackClock "0:00:49"]

1. d4 Nf6 2. Nf3 d5 3. c4 e6 4. e3 Be7 5. b3 O-O 6. Bd3 b6 7. O-O Bb7 8. Bb2 Nbd7 9. Nc3 dxc4 10. bxc4 c5 11. d5 exd5 12. cxd5 Re8 13. e4 Bd6 14. Re1 a6 15. a4 Qc7 16. Rc1 Ng4 17. h3 Nge5 18. Be2 Nxf3+ 19. Bxf3 Ne5 20. Be2 Ng6 21. Bf1 Bc8 22. Ne2 Rxe4 23. Ng3 Rxe1 24. Qxe1 Bd7 25. Bd3 Re8 26. Qc3 Be5 27. Qc2 Bxg3 28. fxg3 Qxg3 29. Bxa6 Nf4 30. Bf1 Nxh3+ 31. Kh1 Nf2+ 32. Kg1 Ng4 33. Be2 Qh2+ 0-1


[Site "https://www.chess.com"]

[Event "Titled Tuesday Blitz January 17 Late 2023"]
[White "Fernandez Garcia, Gumersindo"]
[Black "Zampronha, Wladimir Camilo"]
[WhiteFideId "24516740"]
[BlackFideId "2103087"]
[WhiteElo "2160"]
[BlackElo "2176"]
[Result "1-0"]
[Round "01"]
[TimeControl "180+2"]
[Date "2023.01.17"]
[WhiteClock "0:01:23"]
[BlackClock "0:00:32"]

1. e4 c5 2. c3 Nf6 3. e5 Nd5 4. d4 cxd4 5. Nf3 e6 6. cxd4 b6 7. Bd3 Be7 8. O-O O-O 9. Nbd2 Nf4 10. Bb1 Ba6 11. Re1 Bd3 12. Ne4 Bxb1 13. Rxb1 Ng6 14. Bg5 Nc6 15. h4 h6 16. Bxe7 Qxe7 17. g3 Qb4 18. a3 Qa5 19. Kg2 Nge7 20. Qd3 Qd5 21. b4 Rac8 22. Nc3 Nxb4 23. Nxd5 Nxd3 24. Nxe7+ 1-0


[Site "https://www.chess.com"]

[Event "Titled Tuesday Blitz January 17 Late 2023"]
[White "Gardezi, Arsal"]
[Black "Adewumi, Tanitoluwa"]
[WhiteFideId "30949521"]
[BlackFideId "30966396"]
[WhiteElo "2093"]
[BlackElo "2283"]
[Result "0-1"]
[Round "01"]
[TimeControl "180+2"]
[Date "2023.01.17"]
[WhiteClock "0:00:14"]
[BlackClock "0:00:31"]

1. Nf3 Nf6 2. g3 d5 3. d4 Bf5 4. Bg2 e6 5. Bf4 c5 6. c3 Nc6 7. Nbd2 Be7 8. O-O O-O 9. dxc5 Bxc5 10. Nb3 Bb6 11. Nbd4 Be4 12. Nb5 a6 13. Na3 Qe7 14. c4 Rad8 15. Qb3 Nb4 16. Rac1 a5 17. Qa4 d4 18. Qb5 Bc5 19. Qxa5 Ra8 20. Qc7 Nd7 21. Nb5 Ra6 22. Nfxd4 Bxg2 23. Kxg2 e5 24. Nf5 Qe6 25. Qxc5 Nxc5 26. Ne3 0-1


[Site "https://www.chess.com"]

[Event "Titled Tuesday Blitz January 17 Late 2023"]
[White "Saveliev, Alexei"]
[Black "Herbst, Richard"]
[WhiteFideId "24128546"]
[BlackFideId "2041251"]
[WhiteElo "2385"]
[BlackElo "2120"]
[Result "1-0"]
[Round "01"]
[TimeControl "180+2"]
[Date "2023.01.17"]
[WhiteClock "0:00:18"]
[BlackClock "0:00:02"]

1. c4 c6 2. Nc3 d5 3. d4 Nf6 4. Nf3 e6 5. cxd5 exd5 6. Qc2 g6 7. Bg5 Be7 8. e3 Bf5 9. Bd3 Bxd3 10. Qxd3 O-O 11. O-O Re8 12. Rab1 a5 13. Qc2 Nbd7 14. a3 Ne4 15. Bxe7 Qxe7 16. Nxe4 Qxe4 17. Qxe4 Rxe4 18. b4 axb4 19. axb4 b5 20. Rfc1 Re6 21. Ra1 Rxa1 22. Rxa1 Nb6 23. g4 f6 24. Kg2 Nc4 25. Ne1 Kf7 26. Nd3 Re7 27. Ra6 Rc7 28. h4 Ke7 29. Ra8 Kd6 30. Kf3 Nd2+ 31. Ke2 Nc4 32. Nc5 Re7 33. Rf8 Na3 34. Kd3 Nc4 35. Rxf6+ Kc7 36. Rf8 Nd6 37. Ra8 Nc4 38. h5 gxh5 39. gxh5 Nd6 40. f3 Nc4 41. e4 dxe4+ 42. fxe4 Nb2+ 43. Ke3 Nc4+ 44. Kf4 Nd6 45. e5 Nc4 46. e6 Nb6 47. Ra7+ Kd6 48. Rxe7 Kxe7 49. Kf5 Nd5 50. Nd3 Ne3+ 51. Ke5 Nd5 52. h6 Ne3 53. Nf4 Nc2 54. d5 cxd5 55. Nxd5+ Ke8 56. Kf6 Nd4 57. Nc7+ Kd8 58. e7+ Kd7 59. e8=Q+ Kxc7 60. Qe5+ Kc6 61. Qxd4 1-0


[Site "https://www.chess.com"]

[Event "Titled Tuesday Blitz January 17 Late 2023"]
[White "Cueto, Jonny"]
[Black "Pham, Khoi"]
[WhiteFideId "3300145"]
[BlackFideId "1054988"]
[WhiteElo "2122"]
[BlackElo "2355"]
[Result "0-1"]
[Round "01"]
[TimeControl "180+2"]
[Date "2023.01.17"]
[WhiteClock "0:00:02"]
[BlackClock "0:00:29"]

1. d4 Nf6 2. Bf4 g6 3. Nc3 d5 4. e3 Bg7 5. h4 h5 6. Be2 c6 7. Nf3 Bg4 8. Ne5 Bxe2 9. Qxe2 Nbd7 10. f3 c5 11. Nb5 O-O 12. c3 Qb6 13. Rb1 a6 14. Na3 cxd4 15. exd4 Nxe5 16. Bxe5 Nd7 17. Bxg7 Kxg7 18. O-O Qf6 19. Qf2 b5 20. Nc2 a5 21. Ne3 Qd6 22. Rfe1 b4 23. Qe2 Rac8 24. Rbc1 bxc3 25. bxc3 Nb6 26. Nf1 e6 27. Nh2 Qg3 28. Qf2 Qxf2+ 29. Kxf2 Na4 30. Re3 Rc4 31. Nf1 Rfc8 32. Nd2 Rxc3 33. Rb1 Rc2 34. Ke2 Nc3+ 35. Kd3 Nxb1 36. Nxb1 Rxa2 37. Nc3 Ra3 38. Kd2 Rc4 39. f4 Rxd4+ 40. Kc2 Rxf4 41. Kb2 d4 42. Ne2 Rxe3 43. Nxf4 e5 44. Nd5 Re2+ 45. Kb3 d3 46. Nc3 Re1 47. Kc4 d2 48. Kd3 d1=Q+ 0-1


[Site "https://www.chess.com"]

[Event "Titled Tuesday Blitz January 17 Late 2023"]
[White "Richter, Paul"]
[Black "Castellanos Hernandez, Emilio Au"]
[WhiteFideId "2046350"]
[BlackFideId "5114179"]
[WhiteElo "2171"]
[BlackElo "1964"]
[Result "1-0"]
[Round "01"]
[TimeControl "180+2"]
[Date "2023.01.17"]
[WhiteClock "0:00:18"]
[BlackClock "0:00:28"]

1. e4 e6 2. d4 d5 3. Nc3 Bb4 4. e5 c5 5. a3 Bxc3+ 6. bxc3 Qa5 7. Bd2 Qa4 8. Qg4 Kf8 9. c4 Ne7 10. dxc5 Nd7 11. Nf3 Qxc2 12. Ng5 h6 13. Nf3 Qe4+ 14. Qxe4 dxe4 15. Nd4 Nxe5 16. Bf4 N5c6 17. Nxc6 Nxc6 18. Bd6+ Ke8 19. O-O-O Bd7 20. g4 f5 21. h3 Kf7 22. Be2 Rac8 23. Rhg1 g6 24. h4 Be8 25. Kb2 Nb8 26. Kc3 Na6 27. Kd4 Bc6 28. Ke5 Rhg8 29. h5 Bd7 30. hxg6+ Rxg6 31. gxf5 Rg5 32. Rxg5 hxg5 33. Bh5+ Kg7 34. fxe6 Be8 35. Bxe8 Rxe8 36. Rb1 e3 37. Rxb7+ Kg6 38. fxe3 g4 39. e7 g3 40. Rb1 Kg5 41. Ke6 Kh4 42. Kf7 1-0


[Site "https://www.chess.com"]

[Event "Titled Tuesday Blitz January 17 Late 2023"]
[White "Kohler, Aran"]
[Black "Sebag, Marie"]
[WhiteFideId "1002856"]
[BlackFideId "617822"]
[WhiteElo "2010"]
[BlackElo "2430"]
[Result "0-1"]
[Round "01"]
[TimeControl "180+2"]
[Date "2023.01.17"]
[WhiteClock "0:00:02"]
[BlackClock "0:00:35"]

1. d4 Nf6 2. Nf3 e6 3. Bg5 h6 4. Bh4 d5 5. Nbd2 c5 6. e3 Nc6 7. c3 Be7 8. Bd3 b6 9. Ne5 Nxe5 10. dxe5 Nd7 11. Bxe7 Qxe7 12. f4 Qh4+ 13. g3 Qh3 14. Qf3 Bb7 15. O-O-O O-O-O 16. e4 g5 17. Bf1 g4 18. Bxh3 gxf3 19. Nxf3 dxe4 20. Nh4 c4 21. Rd4 b5 22. Rhd1 Kc7 23. Bg2 Nc5 24. Rxd8 Rxd8 25. Rxd8 Kxd8 26. f5 Nd3+ 27. Kc2 Nxe5 28. fxe6 fxe6 29. b3 Ke7 30. Bf1 Bd5 31. Be2 a5 32. Ng2 Nd3 33. Ne3 Kd6 34. bxc4 bxc4 35. h4 Ke7 36. g4 Kf6 37. Bxd3 cxd3+ 38. Kd2 Bxa2 39. c4 a4 40. Kc3 Bb3 41. c5 Ke7 42. g5 hxg5 43. hxg5 e5 44. g6 Kf6 45. c6 Be6 46. Nd5+ Bxd5 0-1


[Site "https://www.chess.com"]

[Event "Titled Tuesday Blitz January 17 Late 2023"]
[White "Kochetov, Andrey"]
[Black "Jenkins, Drake"]
[WhiteFideId "24130532"]
[BlackFideId "2022397"]
[WhiteElo "2165"]
[BlackElo "2130"]
[Result "1-0"]
[Round "01"]
[TimeControl "180+2"]
[Date "2023.01.17"]
[WhiteClock "0:00:50"]
[BlackClock "0:00:33"]

1. e4 c5 2. Nf3 g6 3. d4 cxd4 4. Nxd4 Nf6 5. f3 Nc6 6. c4 Bg7 7. Nc3 O-O 8. Be3 Qb6 9. Qd2 Nxe4 10. Nxc6 Nxd2 11. Nxe7+ Kh8 12. Bxb6 Nxf3+ 13. gxf3 axb6 14. Ned5 Bd4 15. Kd2 d6 16. Bd3 Be6 17. Kc2 Rac8 18. Rhe1 b5 19. Nxb5 Bxd5 20. Nxd4 Bxc4 21. Kd2 Bd5 22. Be4 Rc5 23. Bxd5 Rxd5 24. Kd3 Rh5 25. Re2 Kg7 26. Rc1 Ra8 27. a3 Kf6 28. Rc7 Rb8 29. Ree7 Rxh2 30. Rxf7+ Kg5 31. Ne6+ Kh4 32. Rxh7+ Kg3 33. Rxh2 Kxh2 34. Rg7 1-0


[Site "https://www.chess.com"]

[Event "Titled Tuesday Blitz January 17 Late 2023"]
[White "qiaohu_henry"]
[Black "Rodrigues, Tiago Pereira"]
[BlackFideId "2101203"]
[WhiteElo "2229"]
[BlackElo "2155"]
[Result "0-1"]
[Round "01"]
[TimeControl "180+2"]
[Date "2023.01.17"]
[WhiteClock "0:00:23"]
[BlackClock "0:02:01"]

1. d4 Nf6 2. Bf4 d6 3. Nc3 a6 4. e4 b5 5. a3 Bb7 6. Bd3 g6 7. f3 Bg7 8. Nge2 Nc6 9. O-O e5 10. Be3 exd4 11. Nxd4 O-O 12. Nce2 Ne5 13. f4 Neg4 14. Bf2 c5 15. Nf3 Nxf2 16. Rxf2 Ng4 17. c3 Nxf2 18. Kxf2 Re8 19. Bc2 Qb6 20. Ng3 Rad8 21. Qd2 d5 22. e5 d4 23. cxd4 Bxf3 24. Kxf3 Rxd4 25. Qe3 g5 26. Nh5 gxf4 27. Nxf4 Rxe5 28. Qb3 c4 29. Qb4 Rxf4+ 30. Kxf4 Qe3+ 31. Kg4 Rg5+ 32. Kh4 Qf4+ 33. Kh3 Qg4# 0-1


[Site "https://www.chess.com"]

[Event "Titled Tuesday Blitz January 17 Late 2023"]
[White "Janaszak, Dawid"]
[Black "Floresvillar Gonzalez, Luis Migu"]
[WhiteFideId "1119206"]
[BlackFideId "5100542"]
[WhiteElo "2316"]
[BlackElo "2043"]
[Result "1-0"]
[Round "01"]
[TimeControl "180+2"]
[Date "2023.01.17"]
[WhiteClock "0:01:07"]
[BlackClock "0:00:17"]

1. e4 d6 2. Nc3 Nf6 3. d4 Nbd7 4. Nge2 g6 5. Bg5 Bg7 6. Qd2 O-O 7. h4 h5 8. O-O-O Re8 9. e5 Nh7 10. Bh6 dxe5 11. Bxg7 Kxg7 12. dxe5 e6 13. g4 hxg4 14. Ne4 Qe7 15. h5 g5 16. h6+ Kh8 17. Qc3 Ndf8 18. N2g3 Ng6 19. Bb5 Rf8 20. Nh5 a6 21. Be2 b5 22. Nef6 b4 23. Qe3 c5 24. Nxh7 Kxh7 25. Nf6+ Kh8 26. Qxg5 Ra7 27. Bd3 1-0


[Site "https://www.chess.com"]